 Dungeon Crawl Stone Soup version bcrawl-1.27.1b (webtiles) character file.

Game seed: 1039627181975622963

162833 protoss039 the Magician (level 6, -5/35 HPs)
             Began as an Avariel Fire Elementalist on July 14, 2020.
             Slain by a sky beast (6 damage)
             ... on level 5 of the Dungeon.
             The game lasted 00:14:20 (4081 turns).

protoss039 the Magician (Avariel Fire Elementalist) Turns: 4081, Time: 00:14:20

Health: -5/35      AC:  4    Str:  9    XL:     6   Next: 96%
Magic:  15/15      EV: 13    Int: 23    God:
Gold:   168        SH:  0    Dex: 13    Spells: 3/15 levels left

rFire    . . .     SeeInvis .   d - +1 dagger
rCold    . . .     Gourm    .   (no shield)
rNeg     . . .     Faith    +   a - +0 robe
rPois    .         Spirit   .   (no helmet)
rElec    .         Reflect  .   (no cloak)
rCorr    .         Harm     .   (no gloves)
MR       .....                  g - +1 pair of boots {Stlth++}
Stlth    ++++......             f - amulet of faith
HPRegen  0.11/turn              i - ring "Durymid" {+Fly Str+3}
MPRegen  0.14/turn              l - ring of wizardry

@: starving
A: no striking features
a: Evoke Flight


You were on level 5 of the Dungeon.
You were starving.

You visited 1 branch of the dungeon, and saw 5 of its levels.

You collected 168 gold pieces.

Inventory:

Hand Weapons
 d - a +1 dagger (weapon)
Missiles
 c - 1272 stones (quivered)
Armour
 a - a +0 robe (worn)
 g - a +1 pair of boots of stealth (worn)
 k - a +2 medium shield
Jewellery
 f - an amulet of faith (around neck)
 i - the ring "Durymid" (left hand) {+Fly Str+3}
   (You found it on level 1 of the Dungeon)

   [ring of flight]

   It affects your strength (+3).
   It lets you fly.
 l - a ring of wizardry (right hand)
Wands
 h - a wand of disintegration (8)
Scrolls
 j - a scroll of enchant armour
 m - 2 scrolls of fog
 n - a scroll of immolation {unknown}
 o - a scroll of magic mapping {unknown}
Comestibles
 e - 3 rations {!d}
 p - 2 chunks of flesh


   Skills:
 - Level 2.0 Fighting
 - Level 3.0 Dodging
 - Level 3.0 Stealth
 * Level 1.3 Shields
 + Level 5.0 Spellcasting
 + Level 3.7 Conjurations
 - Level 1.0 Charms
 + Level 4.6 Fire Magic


You had 3 spell levels left.
You knew the following spells:

 Your Spells              Type           Power        Failure   Level  Hunger
a - Flame Tongue          Conj/Fire      ####.        1%          1    None
b - Flaming Arrows        Chrm/Fire      ###.....     1%          2    None
c - Sticky Flame          Conj/Fire      ####....     7%          4    #####..
d - Fireball              Conj/Fire      ####......   19%         5    ######.

Your spell library contained the following spells:

 Spells                   Type           Power        Failure   Level  Hunger
 Conjure Flame            Conj/Fire      ####....     1%          3    ###....
 Inner Flame              Hex/Fire       N/A          4%          3    ###....


Dungeon Overview and Level Annotations

Branches:
Dungeon (5/12)
 Temple: D:4-7

Altars:
Nemelex Xobeh
Okawaru


Message History

The sky beast struggles to resist.
The sky beast misses you.
Unknown command.
Evoke which item? (* to show all) (? for menu, Esc to quit)
Aiming: Disintegrate
Press: ? - help, Shift-Dir - straight line, f/p - sky beast
Aim: a sky beast (chance to defeat MR: 65%) That beam is likely to hit you.
Continue anyway?
The sky beast is blasted!
You are starving!
The sky beast hits you.
* * * LOW HITPOINT WARNING * * *
The sky beast shocks you.
* * * LOW HITPOINT WARNING * * *
Unknown command.
Unknown command.
It was a potion of magic.
Magic courses through your body. The sky beast hits you.
* * * LOW HITPOINT WARNING * * *
The sky beast shocks you.
You die...

.. .#### ## ....#..
#.##..# #### . .
#...%.##.... ...
..###........######.....
............###Y@..>....
#.....<.......###.....
#..).......#### .!#
##.........# .
##...รท...## #......##
###....# ##.#.# #.#.#


You could see a sky beast.

Vanquished Creatures
  A bullfrog (D:4)
  A centaur zombie (D:5)
  3 crimson imps
  An orc wizard (D:3)
  An iguana (D:4)
  A worker ant (D:4)
  5 adders
  An ooze (D:2)
  An adder skeleton (D:3)
  3 worms (D:3)
  3 dart slugs
  3 leopard geckos
  6 orcs
  A ball python (D:1)
  2 giant cockroaches
  4 goblins
  6 hobgoblins
  7 jackals
  A quokka (D:1)
  5 bats
  3 frilled lizards
  10 kobolds
  A quokka skeleton (D:4)
  3 rats
73 creatures vanquished.

Notes
Turn   | Place    | Note
-------+----------+-------------------------------------------
     0 | D:1      | protoss039 the Avariel Fire Elementalist began the quest
                  | for the Orb.
     0 | D:1      | Reached XP level 1. HP: 10/10 MP: 6/6
   284 | D:1      | Reached XP level 2. HP: 16/16 MP: 7/7
   327 | D:1      | Reached skill level 3 in Spellcasting
   500 | D:1      | Got a glittering steel ring
   701 | D:1      | Identified the ring "Durymid" {+Fly Str+3} (You found it on
                  | level 1 of the Dungeon)
   706 | D:1      | Learned a level 2 spell: Flaming Arrows
   801 | D:2      | Reached XP level 3. HP: 16/20 MP: 9/9
  1162 | D:2      | Reached skill level 1 in Fighting
  1314 | D:2      | Reached XP level 4. HP: 25/25 MP: 8/10
  1619 | D:3      | HP: 1/25 [crimson imp (1)]
  2049 | D:3      | Found a sparkling altar of Nemelex Xobeh.
  2070 | D:3      | Found an iron altar of Okawaru.
  2075 | D:3      | Reached XP level 5. HP: 29/29 MP: 10/12
  2197 | D:3      | Reached skill level 4 in Spellcasting
  2597 | D:4      | Learned a level 4 spell: Sticky Flame
  2644 | D:4      | Reached XP level 6. HP: 33/35 MP: 8/14
  3244 | D:4      | Reached skill level 1 in Shields
  3244 | D:4      | Reached skill level 1 in Charms
  3991 | D:4      | Learned a level 5 spell: Fireball
  3992 | D:5      | Entered Level 5 of the Dungeon
  4050 | D:5      | Reached skill level 5 in Spellcasting
  4059 | D:5      | Noticed a sky beast
  4081 | D:5      | HP: 1/35 [sky beast (2)]
  4081 | D:5      | Slain by a sky beast

Skill      XL: |  1  2  3  4  5  6 |
---------------+-------------------+-----
Spellcasting   | 3 4 5 |  5.0
Stealth        | 3 |  3.0
Fighting       | 1 2 |  2.0
Conjurations   | 2 3 |  3.7
Dodging        | 3 |  3.0
Fire Magic     | 4 |  4.6
Shields        | 1 |  1.3
Charms         | 1 |  1.0

Action                   |  1- 3 |  4- 6 || total
-------------------------+-------+-------++-------
Melee: Dagger            |    37 |    97 ||   134
       Unarmed           |     2 |       ||     2
Throw: Stone             |     3 |    17 ||    20
       Tomahawk          |       |    73 ||    73
 Cast: Flame Tongue      |    47 |   100 ||   147
       Flaming Arrows    |     2 |     4 ||     6
       Sticky Flame      |       |     3 ||     3
Evoke: Wand              |       |     2 ||     2
  Use: Potion            |       |     8 ||     8
       Scroll            |       |     4 ||     4
 Stab: Sleeping          |     5 |       ||     5
  Eat: Chunk             |     3 |    10 ||    13
       Ration            |       |     1 ||     1
Armor: Robe              |    17 |    56 ||    73
Dodge: Dodged            |    51 |   110 ||   161
